 Dungeon Crawl Stone Soup version 0.27-a0-972-gd1521fd (webtiles) character file.

Game seed: 12863232738156884968

23 ChiliFlavouring the Grasshopper (level 2, -1/26 HPs)
             Began as a Gnoll Warper on Apr 13, 2021.
             Slain by a jackal (3 damage)
             ... on level 1 of the Dungeon.
             The game lasted 00:01:39 (624 turns).

ChiliFlavouring the Grasshopper (Gnoll Warper)       Turns: 624, Time: 00:01:39

Health: -1/26      AC:  3    Str: 10    XL:     2   Next: 95%
Magic:  7/7        EV: 12    Int: 12    God:
Gold:   6          SH:  0    Dex: 11    Spells: 8/10 levels left

rFire    . . .     SeeInvis .   a - +0 mace
rCold    . . .     Faith    .   (no shield)
rNeg     . . .     Spirit   .   b - +0 leather armour
rPois    .         Reflect  .   (no helmet)
rElec    .         Harm     .   (no cloak)
rCorr    .         Rampage  .   (no gloves)
Will     .....                  (no boots)
Stlth    +.........             (no amulet)
HPRegen  0.08/turn              (no ring)
MPRegen  0.10/turn              (no ring)

@: no status effects
A: fangs 1, strong nose, distributed training
a: no special abilities


You were on level 1 of the Dungeon.
You visited 1 branch of the dungeon, and saw 1 of its levels.

You collected 6 gold pieces.

Inventory:

Hand Weapons
 a - a +0 mace (weapon)
Missiles
 e - 3 boomerangs of dispersal (quivered)
Armour
 b - a +0 leather armour (worn)
Scrolls
 c - a scroll of fog {unknown}
 d - a scroll of blinking
 f - a scroll of vulnerability {unknown}
Potions
 g - a potion of heal wounds {unknown}


   Skills:
 + Level 4.5 Fighting
 + Level 0.5 Short Blades
 + Level 0.5 Long Blades
 + Level 0.5 Axes
 + Level 4.5 Maces & Flails
 + Level 0.5 Polearms
 + Level 0.5 Staves
 + Level 0.5 Slings
 + Level 0.5 Bows
 + Level 0.5 Crossbows
 + Level 2.5 Throwing
 + Level 2.5 Armour
 + Level 4.5 Dodging
 + Level 0.5 Stealth
 + Level 0.5 Shields
 + Level 0.5 Unarmed Combat
 + Level 4.9 Spellcasting
 + Level 0.4 Conjurations
 + Level 0.4 Hexes
 + Level 0.4 Summonings
 + Level 0.4 Necromancy
 + Level 5.4 Translocations
 + Level 0.4 Transmutations
 + Level 0.4 Fire Magic
 + Level 0.4 Ice Magic
 + Level 0.4 Air Magic
 + Level 0.4 Earth Magic
 + Level 0.4 Poison Magic
 + Level 0.7 Invocations
 + Level 0.5 Evocations


You had 8 spell levels left.
You knew the following spells:

 Your Spells              Type           Power      Damage    Failure   Level
a - Blink                 Tloc           N/A        N/A       4%          2

Your spell library contained the following spells:

 Spells                   Type           Power      Damage    Failure   Level
 Gell's Gravitas          Tloc           7%         N/A       9%          3
 Lesser Beckoning         Tloc           7%         N/A       9%          3
 Teleport Other           Tloc           15%        N/A       9%          3
 Manifold Assault         Tloc           15%        N/A       63%         5


Dungeon Overview and Level Annotations

Branches:
Dungeon (1/15)

Altars:

Shops:
D:1 [


Innate Abilities, Weirdness & Mutations

You have very sharp teeth.
Your uncanny sense of smell can sniff out nearby items.
Your experience applies equally to all skills.


Message History

You are too injured to fight recklessly!
The goblin barely misses you.
You barely miss the goblin. The goblin barely misses you.
You hit the goblin but do no damage. You bite the goblin, but do no damage.
A bat comes into view.
The goblin barely misses you.
You hit the goblin but do no damage. You bite the goblin, but do no damage.
The goblin closely misses you.
You closely miss the goblin. The bat hits you but does no damage.
The goblin closely misses you. The goblin completely misses you.
You closely miss the goblin. The bat closely misses you.
The goblin barely misses you.
You hit the goblin.
The goblin is moderately wounded.
The bat hits you but does no damage. The goblin closely misses you.
You closely miss the goblin.
The goblin is moderately wounded.
The bat hits you but does no damage. The goblin hits you with a +0 club.
The bat hits you.
You hit the goblin but do no damage. The bat hits you.
* * * LOW HITPOINT WARNING * * *
The goblin hits you with a +0 club.
* * * LOW HITPOINT WARNING * * *
The bat hits you.
* * * LOW HITPOINT WARNING * * *
You hit the goblin.
You kill the goblin!
The bat hits you but does no damage.
You closely miss the jackal.
The jackal is heavily wounded.
The jackal barely misses you. The bat hits you but does no damage.
The jackal bites you.
* * * LOW HITPOINT WARNING * * *
You hit the jackal but do no damage. Your bite misses the jackal.
The jackal is heavily wounded.
The bat barely misses you. The jackal barely misses you. x2
You closely miss the jackal.
The jackal is heavily wounded.
The bat hits you but does no damage. x2; The jackal bites you.
You die...

>.....>.......#
##.#.##.......#
##...##.#....... .
.....##......... ..
#...###...#.#.#### ..#
....# #........... ..#.
....###..##.#....##.....
..(.........#.##......#
.........####.##@#..# .
.........####.##h#..#...
....##.......†..l.......
.....>..#####......###.#
#...##..# ####........
##..##..# ###.#.#.. #..
...# .#... ##.## .# ###
## ..


You could see a jackal and a frilled lizard.

Vanquished Creatures
  2 goblins (D:1)
  4 hobgoblins (D:1)
  7 jackals (D:1)
  A bat (D:1)
  3 frilled lizards (D:1)
  A kobold (D:1)
  2 rats (D:1)
20 creatures vanquished.

Notes
Turn   | Place    | Note
-------+----------+-------------------------------------------
     0 | D:1      | ChiliFlavouring the Gnoll Warper began the quest for the
                  | Orb.
     0 | D:1      | Reached XP level 1. HP: 20/20 MP: 6/6
    37 | D:1      | Found Ybovuw's Armour Emporium.
   147 | D:1      | Reached XP level 2. HP: 4/26 MP: 7/7
   154 | D:1      | Learned a level 2 spell: Blink
   622 | D:1      | HP: 1/26 [jackal (3)]
   624 | D:1      | Slain by a jackal

Illustrated notes

Levels and vault maps discovered:
D:1:      heliophobic_arrival_ceremonial_halls, layout_basic, serial_shops,
          nicolae_shop_trees

Action                   || total
-------------------------++-------
Melee: Mace              ||    83
       Bite              ||     7
Throw: Boomerang         ||     2
 Cast: Blink             ||     1
Armor: Leather armour    ||    29
Dodge: Dodged            ||    91

Table legend: (Time is in decaauts)
 A = Elapsed time spent in this place.
 B = Non-inter-level travel time spent in this place.
 C = Inter-level travel time spent in this place.
 D = Time resting spent in this place.
 E = Time spent auto-exploring this place.
 F = Levels seen in this place.
 G = Mean time per level.
                   A        B        C        D        E       F      G
               +--------+--------+--------+--------+--------+-----+--------+
         Total |    639 |    639 |      0 |     70 |    402 |   1 |  639.0 |
       Dungeon |    639 |    639 |      0 |     70 |    402 |   1 |  639.0 |
               +--------+--------+--------+--------+--------+-----+--------+

Top non-repeatable levels by time:
     D:1: 639 daAuts
